[Event "ICC tourney 2545 (5 3)"]
[Site "Internet Chess Club"]
[Date "2021.04.11"]
[Round "9"]
[White "weakfish"]
[Black "jackdykes"]
[Result "1-0"]
[ICCResult "Black checkmated"]
[WhiteElo "1353"]
[BlackElo "1421"]
[Opening "French: Tarrasch, open variation"]
[ECO "C07"]
[NIC "FR.18"]
[Time "17:30:45"]
[TimeControl "300+3"]

1. e4 e6 2. d4 d5 3. Nd2 c5 4. Bb5+ Bd7 5. Bxd7+ Qxd7 6. exd5 Qxd5 7. Qf3
Qc6 8. Ne2 Qxf3 9. Nxf3 Nf6 10. O-O b6 11. c3 Nbd7 12. h3 Bd6 13. Bg5 O-O
14. Rfe1 h6 15. Bh4 Ne4 16. dxc5 bxc5 17. Rad1 g5 18. Bg3 Nxg3 19. Rxd6
Nxe2+ 20. Rxe2 Nf6 21. Rc6 Rac8 22. Ra6 Rc7 23. Rd2 Nd5 24. Ne5 Rd8 25. Nc4
f6 26. Rxe6 Rcd7 27. Rde2 Nf4 28. Re8+ Rxe8 29. Rxe8+ Kg7 30. Rc8 Rd1+ 31.
Kh2 Rd5 32. Rc7+ Kg6 33. Rxa7 h5 34. Ne3 Rd2 35. a4 Rxf2 36. a5 g4 37. hxg4
hxg4 38. Nxg4 Rxg2+ 39. Kh1 Kg5 40. Rg7+ Kf5 41. Ne3+ Ke4 42. Nxg2 Nxg2 43.
Kxg2 Kd3 44. a6 f5 45. a7 Kc2 46. a8=Q Kxb2 47. Qf3 Kb3 48. Qxf5 Kxc3 49.
Qxc5+ Kd3 50. Rg4 Kd2 51. Rd4+ Ke2 52. Qe5# {Black checkmated} 1-0

[Event "ICC tourney 2545 (5 3)"]
[Site "Internet Chess Club"]
[Date "2021.04.11"]
[Round "9"]
[White "Xuanli28"]
[Black "shirovinster"]
[Result "1-0"]
[ICCResult "Black forfeits on time"]
[WhiteElo "1728"]
[BlackElo "1807"]
[Opening "Caro-Kann defense"]
[ECO "B15"]
[NIC "CK.02"]
[Time "17:30:49"]
[TimeControl "300+3"]

1. e4 c6 2. d4 d5 3. Nd2 dxe4 4. Nxe4 Nf6 5. Ng3 e6 6. Nf3 Bd6 7. Bd3 Nbd7
8. O-O b6 9. Qe2 O-O 10. b3 Bb7 11. Bb2 c5 12. Ne4 Nxe4 13. Bxe4 Bxe4 14.
Qxe4 Qe7 15. Rfd1 Rfd8 16. Rac1 Rac8 17. c4 cxd4 18. Nxd4 Nc5 19. Qg4 Qf6
20. g3 Be5 21. Kg2 h5 22. Qf3 Qxf3+ 23. Kxf3 Bf6 24. Ke3 e5 25. Nb5 a6 26.
Nd6 Rc6 27. Ne4 Rcc8 28. Nxf6+ gxf6 29. f4 Re8 30. fxe5 fxe5 31. Rd6 Rb8 32.
Rf1 b5 33. Rd5 Rbc8 34. cxb5 axb5 35. Rxe5 Rxe5+ 36. Bxe5 Re8 37. Kd4 Ne6+
38. Kd5 Rd8+ 39. Kc6 Rd2 40. Kxb5 Rxa2 41. h4 Rc2 42. b4 Re2 43. Rf5 Nf8 44.
Rxh5 Ng6 45. Bd6 Re6 46. Bc5 Ne5 47. Rg5+ Kh7 48. Rf5 Kg6 49. Rf4 f5 50. Ka4
Ra6+ 51. Kb3 Ra8 52. h5+ {Black forfeits on time} 1-0

[Event "ICC tourney 2545 (5 3)"]
[Site "Internet Chess Club"]
[Date "2021.04.11"]
[Round "9"]
[White "Rasalaghe"]
[Black "AbhinavSinha19"]
[Result "1-0"]
[ICCResult "Black forfeits on time"]
[WhiteElo "1230"]
[BlackElo "1236"]
[Opening "King's knight's gambit"]
[ECO "C34"]
[NIC "KG.02"]
[Time "17:31:09"]
[TimeControl "300+3"]

1. e4 e5 2. f4 exf4 3. Nf3 Nc6 4. d4 d5 5. e5 Bf5 6. c3 Qe7 7. Bxf4 Nf6 8.
Bb5 Nh5 9. Bg5 f6 10. Bh4 g5 11. Bf2 a6 12. Bxc6+ bxc6 13. O-O fxe5 14. Nxe5
Bg6 15. Nxc6 Qd6 16. Qe2+ Kd7 17. Ne5+ Kc8 18. Nd2 Be7 19. g3 Re8 20. Qg4+
Kd8 21. Be3 Nf6 22. Qxg5 Ne4 23. Qh6 Kc8 24. Qh3+ Kb7 25. Qd7 Nxd2 26. Bxd2
Rad8 27. Qxd6 Bxd6 28. Nxg6 hxg6 29. Bg5 Rd7 30. Rae1 Rh8 31. Re6 Rdh7 32.
Rf2 Bxg3 33. hxg3 Rh1+ 34. Kg2 R8h2+ 35. Kf3 Rh5 36. Rxg6 c6 37. Kg4 Rh8 38.
Rff6 Rc8 39. Rg7+ Kb6 40. Rff7 Rb8 41. Bf4 Rc8 42. Rb7+ Ka5 43. Bc7+ Ka4 44.
Ra7 Rhh8 45. Bd6 a5 46. b3+ {Black forfeits on time} 1-0

[Event "ICC tourney 2545 (5 3)"]
[Site "Internet Chess Club"]
[Date "2021.04.11"]
[Round "9"]
[White "marazul1"]
[Black "Jeffchess"]
[Result "0-1"]
[ICCResult "White checkmated"]
[WhiteElo "1201"]
[BlackElo "1402"]
[Opening "QP counter-gambit (elephant gambit)"]
[ECO "C40"]
[NIC "KP.10"]
[Time "17:30:52"]
[TimeControl "300+3"]

1. e4 e5 2. Nf3 d5 3. exd5 c6 4. d3 Bg4 5. Be2 Bxf3 6. Bxf3 cxd5 7. Bg4 Nf6
8. Bh3 Nc6 9. Bg5 Be7 10. O-O h6 11. Bh4 Nh7 12. Bg3 Ng5 13. Bg4 h5 14. Be2
h4 15. f4 hxg3 16. fxg5 Bxg5 17. h3 Be3+ 18. Kh1 Rxh3+ 19. gxh3 Qh4 20. Kg2
e4 21. Bg4 Ne5 22. Bf5 g6 23. d4 Nc4 24. Bg4 f5 25. Qe2 Rc8 26. Nc3 fxg4 27.
Qxg4 Qxg4 28. hxg4 Bf2 29. Nxd5 Kf7 30. b3 Nd2 31. Rfd1 e3 32. c4 b5 33. Nf4
g5 34. Ne2 bxc4 35. Rac1 Ke6 36. bxc4 Kd6 37. c5+ Kd5 38. Nc3+ Kxd4 39. Ne2+
Kd3 40. Nc3 Rxc5 41. Na4 Rxc1 42. Rxc1 e2 43. Nb2+ Kd4 44. a4 Nf1 45. a5
Ne3+ 46. Kf3 Nd5 47. Kxe2 Nc3+ 48. Kf1 Be3 49. Rc2 Ne4 50. Ke2 g2 51. Rc4+
Kd5 52. Kxe3 g1=Q+ 53. Ke2 Qf2+ 54. Kd3 Qd2# {White checkmated} 0-1

[Event "ICC tourney 2545 (5 3)"]
[Site "Internet Chess Club"]
[Date "2021.04.11"]
[Round "9"]
[White "CPS1218"]
[Black "Keka34"]
[Result "1/2-1/2"]
[ICCResult "Game drawn by repetition"]
[WhiteElo "1381"]
[BlackElo "1518"]
[Opening "English, 1...Nf6 (Anglo-Indian defense)"]
[ECO "A15"]
[NIC "EO.64"]
[Time "17:31:01"]
[TimeControl "300+3"]

1. c4 Nf6 2. g3 g6 3. Bg2 Bg7 4. e4 d6 5. Ne2 e5 6. Nbc3 c6 7. O-O Be6 8. d3
d5 9. cxd5 cxd5 10. exd5 Nxd5 11. Nxd5 Bxd5 12. Nc3 Bxg2 13. Kxg2 O-O 14.
Qf3 Nc6 15. Rd1 Rb8 16. Be3 Nd4 17. Bxd4 exd4 18. Ne4 f5 19. Nc5 Qd6 20.
Rac1 Rf7 21. Re1 Bf8 22. b4 Qb6 23. a3 a5 24. Qd5 Rd8 25. Qc4 axb4 26. axb4
Rc8 27. Qxd4 Qc6+ 28. f3 Qd6 29. Qxd6 Bxd6 30. Re6 Bxc5 31. bxc5 Rd7 32. Re3
Rd5 33. Re7 b5 34. c6 Rxd3 35. Rb7 Rd2+ 36. Kg1 Rdd8 37. Rxb5 h6 38. c7 Re8
39. Rb6 Kf7 40. Rcc6 Rg8 41. Rc1 Ke7 42. Rb3 Kd6 43. Rd3+ Ke7 44. Re1+ Kf6
45. Rd6+ Kg5 46. f4+ Kh5 47. Kg2 Rxc7 48. h3 Rc2+ 49. Kf3 Rc3+ 50. Re3 Rgc8
51. g4+ fxg4+ 52. hxg4+ Kh4 53. Rxg6 Rxe3+ 54. Kxe3 Kg3 55. Ke4 Rc4+ 56. Kf5
Rxf4+ 57. Ke5 Rxg4 58. Rxh6 Rg5+ 59. Kf6 Ra5 60. Rg6+ Kf4 61. Kg7 Kf5 62.
Kh6 Kf4 63. Rf6+ Kg4 64. Rg6+ Kh4 65. Rb6 Kg4 66. Rb4+ Kf5 67. Rb6 Rd5 68.
Rg6 Kf4 69. Rf6+ Kg4 70. Rg6+ Kh4 71. Re6 Rh5+ 72. Kg6 Rg5+ 73. Kh6 Rh5+ 74.
Kg6 Rg5+ 75. Kh6 Rh5+ 76. Kg6 {Game drawn by repetition} 1/2-1/2

[Event "ICC tourney 2545 (5 3)"]
[Site "Internet Chess Club"]
[Date "2021.04.11"]
[Round "9"]
[White "fishbein"]
[Black "doogie"]
[Result "0-1"]
[ICCResult "White checkmated"]
[WhiteElo "2456"]
[BlackElo "2337"]
[Opening "Caro-Kann defense"]
[ECO "B12"]
[NIC "CK.01"]
[Time "17:30:17"]
[TimeControl "300+3"]

1. e4 c6 2. d4 d6 3. c4 g6 4. Nc3 Bg7 5. Nf3 Nf6 6. Be2 O-O 7. O-O a6 8. h3
Nbd7 9. e5 dxe5 10. dxe5 Ne8 11. e6 fxe6 12. Be3 Nd6 13. g4 b5 14. c5 Nf7
15. Nd4 Nxc5 16. Nxc6 Qc7 17. Bf3 Bb7 18. Bxc5 Bxc6 19. Bxc6 Qxc6 20. Bxe7
Rfc8 21. f4 b4 22. Ne2 a5 23. Bh4 Bxb2 24. Rb1 Bg7 25. Rc1 Qb5 26. Rxc8+
Rxc8 27. Nd4 Qc4 28. Nf3 e5 29. Qd7 e4 30. Nd2 Qd4+ 31. Qxd4 Bxd4+ 32. Kh1
Rc2 33. Nxe4 Rxa2 34. Rd1 Ra1 35. Rxa1 Bxa1 36. Nc5 Bd4 37. Nb3 Bb6 38. Be7
a4 39. Nd2 b3 40. Nc4 Bc7 41. Nb2 Bxf4 42. Nxa4 Ne5 43. Kg2 Kf7 44. Bc5 Nd3
45. Bd4 Be5 46. Be3 Ke6 47. Kf3 b2 48. Nxb2 Nxb2 49. Ke4 Nc4 50. Bf2 Nd6+
51. Kf3 Kd5 52. Kg2 Ke4 53. Ba7 Bd4 54. Bb8 Nc4 55. Bc7 Be5 56. Bd8 Ne3+ 57.
Kf2 Nd5 58. Ba5 Nf4 59. h4 Bf6 60. Kg3 Ne2+ 61. Kf2 Bxh4+ 62. Kxe2 Kf4 63.
Kf1 Kxg4 64. Kg2 Bg3 65. Bd8 h5 66. Be7 Bf4 67. Bd8 h4 68. Be7 h3+ 69. Kh1
Bg5 70. Bd6 Bd8 71. Bb8 Kf3 72. Kh2 Kg4 73. Kh1 Bg5 74. Bc7 Bh4 75. Bb8 Bg3
76. Ba7 Kf3 77. Bc5 g5 78. Be7 g4 79. Bc5 Bf2 80. Bd6 Be3 81. Bg3 Bf4 82.
Bf2 Bg3 83. Bc5 Bh4 84. Bd6 Bg5 85. Kg1 Bf4 86. Bb4 g3 87. Bc5 Be3+ 88. Bxe3
Kxe3 89. Kh1 g2+ 90. Kg1 Kf3 91. Kh2 Kf2 92. Kxh3 g1=Q 93. Kh4 Qg6 94. Kh3
Qh5# {White checkmated} 0-1

[Event "ICC tourney 2545 (5 3)"]
[Site "Internet Chess Club"]
[Date "2021.04.11"]
[Round "9"]
[White "HenrikL"]
[Black "Mapking1"]
[Result "0-1"]
[ICCResult "White checkmated"]
[WhiteElo "1754"]
[BlackElo "1532"]
[Opening "Sicilian: dragon, Yugoslav attack, 7...O-O"]
[ECO "B76"]
[NIC "SI.17"]
[Time "17:30:19"]
[TimeControl "300+3"]

1. e4 c5 2. Nf3 d6 3. d4 cxd4 4. Nxd4 Nf6 5. Nc3 g6 6. Be3 Bg7 7. f3 O-O 8.
Qd2 Nc6 9. g4 Be6 10. O-O-O Nxd4 11. Bxd4 Qa5 12. Kb1 Rfc8 13. Bxf6 Bxf6 14.
Nd5 Qxd2 15. Nxf6+ exf6 16. Rxd2 Rc6 17. h4 Kg7 18. h5 f5 19. g5 gxh5 20.
Rxh5 Kg6 21. Rdh2 fxe4 22. fxe4 Rh8 23. Bd3 Kg7 24. Rh6 Rc5 25. e5 Rxe5 26.
Kc1 Rxg5 27. Rxh7+ Rxh7 28. Rxh7+ Kg8 29. Rh4 Kf8 30. Rb4 b6 31. Ra4 a5 32.
Rf4 Ke7 33. Kd2 b5 34. a3 Kd7 35. Ke3 Kc6 36. Be4+ d5 37. Bd3 Kc5 38. b4+
Kb6 39. Kd4 a4 40. Rh4 Rg1 41. Ke5 Ra1 42. Kd6 Rxa3 43. Rh8 Rc3 44. Rb8+ Ka7
45. Rxb5 a3 46. Ra5+ Kb7 47. b5 d4 48. Ke5 Kb6 49. Ra4 a2 50. Kxd4 Rxd3+ 51.
Kxd3 Kxb5 52. Ra3 Kb4 53. Ra8 f5 54. Kd4 f4 55. Ke5 f3 56. Kxe6 f2 57. Rxa2
f1=Q 58. Ra7 Qe2+ 59. Kd6 Qxc2 60. Rb7+ Ka5 61. Rc7 Qd3+ 62. Kc6 Qc4+ 63.
Kb7 Qb5+ 64. Kc8 Qd5 65. Rd7 Qg8+ 66. Kc7 Kb5 67. Rd6 Qf7+ 68. Rd7 Qf4+ 69.
Kd8 Kc6 70. Re7 Qb8# {White checkmated} 0-1

[Event "ICC tourney 2545 (5 3)"]
[Site "Internet Chess Club"]
[Date "2021.04.11"]
[Round "9"]
[White "zena"]
[Black "shawnchicken"]
[Result "1-0"]
[ICCResult "Black forfeits on time"]
[WhiteElo "1327"]
[BlackElo "1313"]
[Opening "Queen's pawn game, Chigorin variation"]
[ECO "A04"]
[NIC "QP.11"]
[Time "17:30:53"]
[TimeControl "300+3"]

1. Nf3 Nc6 2. d4 d5 3. c3 Bg4 4. h3 Bh5 5. g4 Bg6 6. Bg2 e6 7. O-O h5 8. g5
Be7 9. h4 f6 10. Bf4 Be4 11. Nbd2 fxg5 12. Nxe4 dxe4 13. Nxg5 Nf6 14. Nxe6
Qd7 15. Nxg7+ Kf7 16. Be5 Rag8 17. Bxf6 Bxf6 18. e3 Rxg7 19. Qb3+ Kf8 20.
Kh2 Qg4 21. Rg1 Qxh4+ 22. Bh3 Rhg8 23. Rxg7 Rxg7 24. Rg1 Qxf2+ 25. Rg2 Rxg2+
26. Bxg2 Qxe3 27. Qe6 Qf4+ 28. Kh1 e3 29. Bd5 Qf1+ 30. Kh2 Be5+ 31. dxe5 e2
32. Qh6+ Ke7 33. Qh7+ Kd8 34. Qg8+ Ke7 35. Qe6+ Kf8 36. Qc8+ Kg7 37. Qg8+
Kh6 38. Qh8+ Kg5 39. Qg7+ Kf4 40. Qg3+ Kf5 41. Qd3+ Kg5 42. Qe3+ Qf4+ 43.
Qxf4+ Kxf4 44. e6 {Black forfeits on time} 1-0

[Event "ICC tourney 2545 (5 3)"]
[Site "Internet Chess Club"]
[Date "2021.04.11"]
[Round "9"]
[White "cocokiu"]
[Black "Fraser"]
[Result "1-0"]
[ICCResult "Black forfeits on time"]
[WhiteElo "1297"]
[BlackElo "1206"]
[Opening "Sicilian: closed"]
[ECO "B23"]
[NIC "SI.44"]
[Time "17:30:53"]
[TimeControl "300+3"]

1. e4 c5 2. Nc3 e5 3. Nf3 Nc6 4. Bc4 d6 5. O-O h6 6. d3 Be7 7. a3 Nf6 8. h3
O-O 9. b4 Nd4 10. Nxd4 cxd4 11. Nd5 Nxd5 12. Bxd5 Rb8 13. a4 Kh8 14. Bb2 f5
15. exf5 Bxf5 16. c3 b6 17. cxd4 exd4 18. Bxd4 Rc8 19. Rc1 Rxc1 20. Qxc1 Bf6
21. Bxf6 Qxf6 22. Rd1 Qe5 23. Bf3 Be6 24. Re1 Qf6 25. Qe3 Bc8 26. d4 Ba6 27.
b5 Bc8 28. d5 Bxh3 29. Kh2 Bc8 30. Bd1 Qh4+ 31. Kg1 Bb7 32. Bb3 Qf6 33. Qe2
Bc8 34. Bc2 Bf5 35. Bxf5 Qxf5 36. Rc1 Qxd5 37. Rd1 Qc5 38. Qd2 Rd8 39. Kf1
d5 40. Qd3 Qd6 41. g3 Qf6 42. Qb3 d4 43. Qc4 Qe5 44. Kg2 Qe4+ 45. Kf1 Qh1+
46. Ke2 Re8+ 47. Kd2 Qf3 48. Rf1 d3 49. Qxd3 Qxd3+ 50. Kxd3 Rd8+ 51. Kc4
Rc8+ 52. Kb4 Rc5 53. a5 Kg8 54. Rd1 Rc2 55. Rd8+ Kh7 56. axb6 axb6 57. Rb8
Rxf2 58. Rxb6 Rf3 59. Rc6 Rxg3 60. b6 Rg1 61. Kb5 Rb1+ 62. Kc5 h5 63. Rc7 h4
64. b7 h3 65. Kc6 h2 66. Kd7 h1=Q 67. Kc8 Qh3+ 68. Kb8 Kh6 69. Ka8 Qa3+ 70.
Kb8 {Black forfeits on time} 1-0

[Event "ICC tourney 2545 (5 3)"]
[Site "Internet Chess Club"]
[Date "2021.04.11"]
[Round "9"]
[White "Kyle45"]
[Black "sudhirkj"]
[Result "1-0"]
[ICCResult "Black checkmated"]
[WhiteElo "1473"]
[BlackElo "1364"]
[Opening "Sicilian: dragon, Levenfish variation"]
[ECO "B71"]
[NIC "SI.15"]
[Time "17:31:14"]
[TimeControl "300+3"]

1. e4 c5 2. Nf3 d6 3. d4 cxd4 4. Nxd4 Nf6 5. Nc3 g6 6. f4 Bg4 7. Be2 Bxe2 8.
Qxe2 Qa5 9. O-O Qb6 10. Be3 Qxb2 11. Ndb5 Nxe4 12. Nxe4 Na6 13. Bd4 Qb4 14.
Bxh8 f6 15. Nxf6+ Kd8 16. Nd5 Qc5+ 17. Ne3 Nc7 18. Rab1 Nxb5 19. Rxb5 Qc6
20. Rfb1 Bh6 21. g3 b6 22. Ng4 Bf8 23. c4 Rb8 24. Qe6 h5 25. Ne3 Qf3 26. Nd5
h4 27. Qg8 Ke8 28. Nc7+ Kd7 29. Nd5 hxg3 30. hxg3 Qxg3+ 31. Kf1 Qd3+ 32. Kf2
Qc2+ 33. Kf3 Qd3+ 34. Ne3 Re8 35. Rd1 Qa3 36. Qd5 Rb8 37. Rd3 Qxa2 38. Ng4
a6 39. Ne5+ Kd8 40. Nc6+ Kc7 41. Nxb8 axb5 42. Qc6+ Kxb8 43. Qxb6+ Kc8 44.
cxb5 Qe6 45. Rc3+ Kd7 46. Qc6+ Kd8 47. Qc7+ Ke8 48. b6 Bh6 49. b7 Qd5+ 50.
Kg4 Qf5+ 51. Kf3 Qxf4+ 52. Ke2 Qd2+ 53. Kf3 Qf4+ 54. Kg2 Qd2+ 55. Kf3 Qf4+
56. Ke2 Qd2+ 57. Kf3 Qf4+ 58. Kg2 Qd2+ 59. Kg3 Qf4+ 60. Kh3 Qf5+ 61. Kg3
Qf4+ 62. Kg2 Qd2+ 63. Kf1 Qd1+ 64. Kf2 Qd2+ 65. Kg3 Qf4+ 66. Kg2 Qd2+ 67.
Kf3 Qf4+ 68. Ke2 Qd2+ 69. Kf3 Qf4+ 70. Kg2 Qd2+ 71. Kh3 Qe3+ 72. Kh4 Qf4+
73. Kh3 Qf5+ 74. Kg3 Bf4+ 75. Kg2 Qe4+ 76. Kf2 Bg3+ 77. Rxg3 Qd4+ 78. Bxd4
e5 79. b8=Q# {Black checkmated} 1-0

[Event "ICC tourney 2545 (5 3)"]
[Site "Internet Chess Club"]
[Date "2021.04.11"]
[Round "9"]
[White "Chanakya"]
[Black "MasterZachary"]
[Result "1-0"]
[ICCResult "Black checkmated"]
[WhiteElo "1899"]
[BlackElo "2156"]
[Opening "Vienna game"]
[ECO "C28"]
[NIC "VG.04"]
[Time "17:29:57"]
[TimeControl "300+3"]

1. e4 e5 2. Nc3 Nc6 3. Bc4 Nf6 4. d3 Na5 5. Bb3 Nxb3 6. axb3 d5 7. Nf3 dxe4
8. Nxe5 exd3 9. Nxd3 Be7 10. Bf4 O-O 11. Qf3 Bf5 12. Qxb7 Bxd3 13. Rd1 Qd4
14. Qf3 Bd6 15. Be3 Qh4 16. Rxd3 Rae8 17. Kd2 Ng4 18. Rd4 h5 19. h3 Bc5 20.
g3 Ne5 21. Qe2 Qf6 22. Rf4 Bxe3+ 23. Qxe3 Qc6 24. Rg1 Rd8+ 25. Kc1 Rfe8 26.
Re4 Ng6 27. Rxe8+ Rxe8 28. Qg5 Qf3 29. Qd2 Qf5 30. h4 Ne5 31. Re1 Re6 32.
Re4 Nf3 33. Qd8+ Kh7 34. Rxe6 fxe6 35. Qxc7 Nd4 36. Nd1 Qe4 37. Qc4 Qe5 38.
Qd3+ Nf5 39. Ne3 Kh6 40. Nxf5+ exf5 41. Qe3+ Qxe3+ 42. fxe3 g5 43. b4 Kg6
44. c4 gxh4 45. gxh4 Kf6 46. Kd2 Ke5 47. Kd3 f4 48. exf4+ Kxf4 49. c5 Ke5
50. c6 Kd6 51. Kc4 Kxc6 52. b5+ Kb6 53. b4 Kb7 54. Kc5 Kc7 55. Kd5 Kb6 56.
Kc4 Kb7 57. Kc5 Kc7 58. b6+ axb6+ 59. Kd5 b5 60. Ke5 Kc6 61. Ke6 Kc7 62. Kd5
Kd7 63. Kc5 Kc7 64. Kxb5 Kb7 65. Kc5 Kc7 66. Kd5 Kb6 67. Ke5 Kb5 68. Kf6
Kxb4 69. Kg5 Kc5 70. Kxh5 Kd6 71. Kg6 Ke7 72. Kg7 Ke6 73. h5 Kd5 74. h6 Ke5
75. h7 Kd5 76. h8=Q Ke5 77. Qf8 Kd5 78. Kg6 Kd4 79. Qe7 Kd5 80. Kf5 Kd4 81.
Kf4 Kd5 82. Qe5+ Kc4 83. Qd6 Kc3 84. Ke3 Kc4 85. Qd4+ Kb5 86. Qc3 Kb6 87.
Kd4 Kb7 88. Kd5 Kb6 89. Qc6+ Ka5 90. Qb7 Ka4 91. Kc4 Ka3 92. Kc3 Ka4 93.
Qb4# {Black checkmated} 1-0

[Event "ICC tourney 2545 (5 3)"]
[Site "Internet Chess Club"]
[Date "2021.04.11"]
[Round "9"]
[White "Chesscrow"]
[Black "Tecmo"]
[Result "1/2-1/2"]
[ICCResult "Game drawn by repetition"]
[WhiteElo "1684"]
[BlackElo "1444"]
[Opening "Van't Kruijs opening"]
[ECO "A00"]
[Time "17:30:30"]
[TimeControl "300+3"]

1. e3 e6 2. b3 f5 3. Bb2 Nf6 4. Nf3 Be7 5. Ng5 Nc6 6. h4 h6 7. Bxf6 Bxf6 8.
Qh5+ Ke7 9. Qf7+ Kd6 10. Nc3 Bxc3 11. dxc3 hxg5 12. O-O-O+ Kc5 13. b4+ Kb6
14. a4 a6 15. Qxg7 gxh4 16. c4 Qf8 17. c5+ Ka7 18. Qc3 Rb8 19. b5 Ne7 20. g3
Ng6 21. Qd4 e5 22. Qc3 hxg3 23. Rxh8 Qxh8 24. fxg3 f4 25. Qd3 Qf6 26. exf4
exf4 27. Bg2 fxg3 28. Qxg3 Qf4+ 29. Qxf4 Nxf4 30. Bf3 d6 31. cxd6 cxd6 32.
Rxd6 axb5 33. axb5 Be6 34. b6+ Ka6 35. Rd4 Ng6 36. Be2+ Ka5 37. Rd6 Bf5 38.
Bd3 Bxd3 39. Rxd3 Ne5 40. Rd5+ Kxb6 41. Rxe5 Rc8 42. Kb2 Rc6 43. Kb3 Rc5 44.
Re6+ Rc6 45. Re4 Kc7 46. c4 Kb6 47. Kb4 Kc7 48. Re7+ Kb6 49. Re5 Kc7 50. Rg5
Kb6 51. c5+ Kc7 52. Rg7+ Kc8 53. Kb5 Rf6 54. Rg8+ Kc7 55. Rg7+ Kc8 56. Rh7
Re6 57. Rf7 Rg6 58. Rf5 Re6 59. Rd5 Rg6 60. Rd2 Kc7 61. Rf2 Kc8 62. Rf7 Re6
63. Rf4 Rg6 64. Ra4 Kc7 65. Ra8 Re6 66. Rf8 Rg6 67. Rh8 Re6 68. Rh7+ Kc8 69.
Rh8+ Kc7 70. Rh7+ Kc8 71. Rh8+ Kc7 72. Rh7+ Kc8 73. Rh8+
{Game drawn by repetition}
1/2-1/2